 Dungeon Crawl Stone Soup version 0.29-a0-659-g28b9d68c38 (webtiles) character file.

Game seed: 8259962300734056478

7514 Johnny the Bludgeoner (level 10, -2/93 HPs)
             Began as a Troll Berserker on June 22, 2022.
             Was a Priest of Trog.
             Slain by a hell hound (7 damage)
             ... while paralysed
             ... in a Gauntlet.
             The game lasted 00:11:50 (7415 turns).

Johnny the Bludgeoner (Troll Berserker)             Turns: 7415, Time: 00:11:51

Health: -2/93      AC: 17    Str: 28 (31) XL:     10   Next: 95%
Magic:  18/18      EV:  1    Int:  0 (3)  God:    Trog [***...]
Gold:   360        SH:  0    Dex:  8 (9)  Spells: 9/9 levels left

rFire   + . .      SeeInvis +   A - +0 flail (freeze)
rCold   + + +      Faith    .   (no shield)
rNeg    . . .      Spirit   .   q - +3 shadow dragon scales
rPois   +          Reflect  +   b - +0 hat {Stlth+}
rElec   +          Harm     .   z - +0 cloak
rCorr   +          Rampage  .   (gloves unavailable)
Will    ++...      NoTele   +   (boots unavailable)
Stlth   +++.......              v - amulet of reflection
HPRegen 2.05/turn               h - ring "Wetz" {Contam Fly rC+++ MP+9 SInv}
MPRegen 0.16/turn               (no ring)

@: paralysed, brilliant, resistant, strong-willed (expiring), on berserk
cooldown, flying, regenerating (expiring), hasted and slowed, lost intelligence,
unable to read
A: large, unfitting armour, claws 3, regeneration 1, shaggy fur 1, tough skin 1
a: Renounce Religion, Berserk, Trog's Hand


You were in a Gauntlet.
You worshipped Trog.
Trog was most pleased with you.
You visited 2 branches of the dungeon, and saw 10 of its levels.
You also visited: Gauntlet.

You collected 360 gold pieces.

Inventory:

Hand Weapons
 a - the +4 battleaxe of Wealth {flame, Drain rC+ Str+3}
   (You took it off a gnoll shaman on level 9 of the Dungeon)

   It burns those it strikes, dealing additional fire damage.
   Big, fiery blades are also staple armaments of hydra-hunters.
   Str:       It affects your strength (+3).
   rC:        It protects you from cold.
   Drain:     It drains your maximum health when unequipped.
 A - a +0 flail of freezing (weapon)
Missiles
 n - 5 large rocks (quivered)
Armour
 b - a +0 hat of stealth (worn)
 q - +3 shadow dragon scales (worn)
 z - a +0 cloak (worn)
Jewellery
 h - the ring "Wetz" (left claw) {Contam Fly rC+++ MP+9 SInv}
   (You acquired it on level 1 of the Lair of Beasts)

   [ring of magical power]

   rC:        It renders you almost immune to cold.
   MP:        It affects your magic capacity (+9).
   SInv:      It lets you see invisible.
   Fly:       It grants you flight.
   Contam:    It causes magical contamination when unequipped.
 i - the ring of the Harvest {rElec rF- Will+ EV+4 Str+5}
   (You found it in a Gauntlet)

   [ring of evasion]

   EV:        It affects your evasion (+4).
   Str:       It affects your strength (+5).
   rF:        It makes you vulnerable to fire.
   rElec:     It insulates you from electricity.
   Will:      It increases your willpower.
 v - an amulet of reflection (around neck)
Scrolls
 f - 3 scrolls of teleportation
 j - 3 scrolls of blinking
 l - 4 scrolls of noise
 p - a scroll of amnesia
 r - a scroll of vulnerability
 B - a scroll of brand weapon
Potions
 c - a potion of haste
 d - 4 potions of mutation
 e - 6 potions of might
 g - 3 potions of cancellation
 o - a potion of brilliance
 w - a potion of degeneration
 C - a potion of lignification {unknown}


   Skills:
 - Level 4.2 Fighting
 * Level 15.0 Maces & Flails
 - Level 2.4 Dodging


You had 9 spell levels left.
You didn't know any spells.
Your spell library contained the following spells:

 Spells                   Type           Power      Damage    Failure   Level
 Ensorcelled Hibernation  Hex/Ice        0%         N/A       100%        2
 Scorch                   Fire           0%         2d5       100%        2
 Conjure Flame            Conj/Fire      0%         6-21      100%        3
 Dazzling Flash           Conj/Hex       0%         N/A       100%        3
 Frozen Ramparts          Ice            0%         1d2       100%        3
 Ignite Poison            Fire/Tmut/Pois 0%         N/A       100%        3
 Spider Form              Tmut/Pois      0%         N/A       100%        3
 Anguish                  Hex/Necr       0%         N/A       100%        4
 Flame Wave               Conj/Fire      0%         2d4       100%        4
 Ice Form                 Ice/Tmut       0%         N/A       100%        4
 Iskenderun's Mystic Bla  Conj/Tloc      0%         2d3       100%        4
 Sticky Flame             Conj/Fire      0%         2d3       100%        4
 Summon Ice Beast         Ice/Summ       0%         N/A       100%        4
 Starburst                Conj/Fire      0%         6d3       100%        6
 Summon Cactus Giant      Summ           0%         N/A       100%        6


Dungeon Overview and Level Annotations

Branches:
Dungeon (9/15)             Temple (0/1) D:7            Lair (1/6) D:9
Gauntlet (1/1)
    Orc: D:9-12

Altars:
Elyvilon
Ru
Uskayaw
Wu Jian
The Shining One

Annotations:
Lair:1 Amaemon, Harold, Nergalle Gauntlet 9 transporters


Innate Abilities, Weirdness & Mutations

You are too large for most types of armour.
You have claws for hands.
Your natural rate of healing is unusually fast.
You are covered in fur. (AC +1)
You have tough skin. (AC +1)


Message History

You feel the effects of Trog's Hand fading.
The fire bat bites you but does no damage.
The fire bat barely misses you.
The hell hound bites you but does no damage.
The hell hound breathes flames at you.
The blast of flame hits the fire bat.
The fire bat completely resists.
The blast of flame hits you.
* * * LOW HITPOINT WARNING * * *
The hell hound bites you but does no damage.
You feel better. The fire bat bites you.
You are engulfed in flames!
* * * LOW HITPOINT WARNING * * *
The fire bat bites you but does no damage.
The hell hound barely misses you.
It was a potion of resistance.
You feel protected. The fire bat bites you.
* * * LOW HITPOINT WARNING * * *
You are engulfed in flames.
You resist.
* * * LOW HITPOINT WARNING * * *
The hell hound breathes flames at you. The blast of flame hits you. You resist.
* * * LOW HITPOINT WARNING * * *
The hell hound breathes flames at you.
The blast of flame hits the fire bat.
The fire bat completely resists.
The blast of flame hits you! You resist.
* * * LOW HITPOINT WARNING * * *
The hell hound bites you.
* * * LOW HITPOINT WARNING * * *
Unknown command.
It was a potion of degeneration.
There was something very wrong with that liquid.
You feel weakened.
You feel dopey.
You have lost your intelligence.
You feel clumsy.
The fire bat bites you but does no damage.
The hell hound bites you but does no damage.
The fire bat bites you but does no damage.
The fire bat bites you but does no damage.
The hell hound bites you but does no damage.
The hell hound bites you!
You die...

#..#...#....#..#$#..#...#.
...#...#...#..#..#..#.8...
##.#####..#..#..##..#...##
##.#...#.#.h#..#.#..#.8..
..©#©.©##.©#..#.©#..#.
##(#...#.#..#hb#.#..#
##.#####..#..#bh##..#
.#.#...#...#..#hb#..###
##.#.8.#....#..#@#..#8#
####...###########..###
....................#
...................≈#
##################### 8#
#8# #8# #8# #8# ## ### ###
### ###


You could see 2 hell hounds and 2 fire bats.

Vanquished Creatures
  Joseph (D:8)
  An orange demon (Lair:1)
  2 komodo dragons
  A hornet (D:8)
  Prince Ribbit (D:8)
  7 flying skulls (Gauntlet)
  5 yaks (Lair:1)
  2 water moccasins (Lair:1)
  3 orc warriors
  2 sky beasts (D:7)
  4 black bears
  3 ice beasts
  3 centaurs
  A phantom (D:5)
  A kobold brigand (D:8)
  4 bullfrogs
  A necrophage (D:5)
  4 scorpions
  8 howler monkeys
  6 crimson imps (D:9)
  4 orc priests
  3 gnoll shamans
  3 hounds
  4 iguanas
  2 orc wizards
  11 gnolls
  7 adders
  A shadow imp (D:7)
  3 white imps (D:9)
  An ufetubus (D:7)
  2 dart slugs
  36 orcs
  4 ball pythons
  8 endoplasms
  6 giant cockroaches
  10 goblins
  6 hobgoblins
  3 jackals (D:5)
  4 quokkas
  2 bats (D:3)
  3 frilled lizards
  13 kobolds
  3 rats
199 creatures vanquished.

Vanquished Creatures (collateral kills)
  4 flying skulls (Gauntlet)
4 creatures vanquished.

Vanquished Creatures (others)
  14 demonic plants (Gauntlet)
  4 fungi (Lair:1)
  3 plants (Lair:1)
  18 withered plants (Gauntlet)
39 creatures vanquished.

Grand Total: 242 creatures vanquished

Notes
Turn   | Place    | Note
-------+----------+-------------------------------------------
     0 | D:1      | Johnny the Troll Berserker began the quest for the Orb.
     0 | D:1      | Reached XP level 1. HP: 22/22 MP: 0/0
    61 | D:1      | Reached skill level 3 in Maces & Flails
   221 | D:1      | Reached XP level 2. HP: 29/29 MP: 1/1
   544 | D:2      | Found a faded altar of an unknown god.
   635 | D:2      | Reached XP level 3. HP: 18/37 MP: 2/2
   845 | D:2      | Reached ** piety under Trog
   846 | D:2      | Reached skill level 4 in Maces & Flails
   846 | D:2      | Reached XP level 4. HP: 45/45 MP: 3/3
  1897 | D:4      | Reached XP level 5. HP: 36/53 MP: 4/4
  1905 | D:4      | Noticed a black bear
  2006 | D:4      | Killed a black bear
  2007 | D:4      | Reached skill level 5 in Maces & Flails
  2098 | D:4      | Reached XP level 6. HP: 62/62 MP: 5/5
  2238 | D:4      | Found a sacrificial altar of Ru.
  2286 | D:4      | Found a hide-covered altar of Uskayaw.
  2610 | D:5      | Entered Level 5 of the Dungeon
  2867 | D:5      | Reached skill level 6 in Maces & Flails
  3114 | D:5      | Reached XP level 7. HP: 70/70 MP: 6/6
  3463 | D:5      | Reached skill level 7 in Maces & Flails
  3930 | D:6      | You fall into a shaft and drop 3 floors!
  3941 | D:9      | Reached skill level 8 in Maces & Flails
  3945 | D:9      | Reached XP level 8. HP: 78/78 MP: 7/7
  4180 | D:9      | Identified the +1 robe "Silalum" {Stlth+}
  4197 | D:9      | Reached skill level 9 in Maces & Flails
  4206 | D:9      | Reached *** piety under Trog
  4277 | D:9      | Identified the +4 battleaxe of Wealth {flame, Drain rC+
                  | Str+3}
  4383 | D:7      | Reached skill level 10 in Maces & Flails
  4506 | D:7      | Found a staircase to the Ecumenical Temple.
  4701 | D:7      | Reached XP level 9. HP: 84/84 MP: 8/8
  5068 | D:6      | Reached skill level 11 in Maces & Flails
  5181 | D:6      | Found a glowing golden altar of the Shining One.
  5184 | D:6      | Found a white marble altar of Elyvilon.
  5538 | D:9      | Noticed a komodo dragon
  5550 | D:9      | Killed a komodo dragon
  5817 | D:8      | Reached skill level 12 in Maces & Flails
  6060 | D:7      | Found an ornate altar of the Wu Jian Council.
  6394 | D:8      | Noticed Prince Ribbit
  6413 | D:8      | Killed Prince Ribbit
  6553 | D:8      | Noticed Joseph
  6566 | D:8      | Killed Joseph
  6567 | D:8      | Reached skill level 13 in Maces & Flails
  6567 | D:8      | Reached XP level 10. HP: 93/93 MP: 9/9
  6572 | D:8      | Reached **** piety under Trog
  6638 | D:8      | Found Meatuc's Antique Weapon Shop.
  6835 | D:9      | Found a staircase to the Lair.
  6837 | Lair:1   | Entered Level 1 of the Lair of Beasts
  7003 | Lair:1   | Noticed a six-headed hydra
  7020 | Lair:1   | Noticed an orange demon
  7024 | Lair:1   | Noticed Amaemon
  7030 | Lair:1   | Killed an orange demon
  7041 | Lair:1   | Reached skill level 14 in Maces & Flails
  7053 | Lair:1   | Identified a scroll of acquirement
  7053 | Lair:1   | Acquired the ring "Wetz" {Contam Fly rC+++ MP+9 SInv}
  7079 | Lair:1   | Noticed Nergalle
  7080 | Lair:1   | Noticed Harold
  7087 | Lair:1   | Found a gate leading to a gauntlet.
  7096 | Gauntlet | Entered a Gauntlet
  7096 | Gauntlet | Found a transporter.
  7096 | Gauntlet | Found a transporter.
  7096 | Gauntlet | Found a transporter.
  7097 | Gauntlet | Found a transporter.
  7100 | Gauntlet | Found a transporter.
  7102 | Gauntlet | Noticed a death scarab
  7107 | Gauntlet | Noticed a hell hog
  7111 | Gauntlet | Found a transporter.
  7132 | Gauntlet | Found a transporter.
  7137 | Gauntlet | Noticed a minotaur
  7154 | Gauntlet | Found a transporter.
  7172 | Gauntlet | Found a transporter.
  7180 | Gauntlet | Found a transporter.
  7194 | Gauntlet | Noticed a necromancer
  7198 | Gauntlet | Found a transporter.
  7254 | Gauntlet | Found a transporter.
  7342 | Gauntlet | Reached skill level 15 in Maces & Flails
  7401 | Gauntlet | Identified the ring of the Harvest {rElec rF- Will+ EV+4
                  | Str+5}
  7413 | Gauntlet | HP: 1/93 [hell hound (5)]
  7414 | Gauntlet | Lost intelligence.
  7415 | Gauntlet | Slain by a hell hound

Illustrated notes

Levels and vault maps discovered:
D:1:      eino_arrival_water_star, layout_loops_ring
D:2:      layout_rooms, nicolae_ecumenical_oubliette, minmay_box_of_dots
D:3:      layout_basic
D:4:      layout_cave_pools, mainiacjoe_overflow_concentric_impassable,
          lemuel_tele_altar, serial_rivers, chequers_serial_rivers_room_a,
          chequers_serial_rivers_marsh, chequers_serial_rivers_small_3,
          chequers_serial_rivers_room_b, chequers_serial_rivers_room_a,
          chequers_serial_rivers_micro_d, minmay_vboxes
D:5:      layout_basic
D:6:      layout_gridville, nicolae_overflow_squiral
D:7:      layout_loops_corners, nicolae_wu_jian_immortal_techniques,
          temple_statues
D:8:      layout_loops_ring, serial_shops, nicolae_shop_hallway_stairs,
          uniq_prince_ribbit1, uniq_joseph
D:9:      layout_cave_pools, erik_lair_dragon, minmay_nine_imps
Lair:1:   layout_chaotic_city, gauntlet_entry_generic,
          infiniplex_staircase_pool_2, grunt_megastairs_3, uniq_amaemon,
          uniq_nergalle, uniq_harold
Gauntlet: gammafunk_gauntlet_shortcut [gammafunk_gauntlet_arena_crates,
          gammafunk_gauntlet_arena_arrow_garden, nicolae_gauntlet_arena_grate_2,
          nicolae_gauntlet_arena_t_cross, nicolae_gauntlet_arena_flowing_pool,
          gammafunk_gauntlet_arena_hedges,
          nicolae_gauntlet_exit_dead_adventurers]

Skill      XL: |  1  2  3  4  5  6  7  8  9 10 |
---------------+-------------------------------+-----
Maces & Flails | 3 4 5 6 8 10 13 15 | 15.0
Fighting       | 3 4 |  4.2
Dodging        | |  2.4

Action                   |  1- 3 |  4- 6 |  7- 9 | 10-12 || total
-------------------------+-------+-------+-------+-------++-------
Melee: Mace              |    92 |   205 |   352 |       ||   649
       Punch             |       |     1 |     3 |       ||     4
       Flail             |       |       |   135 |   113 ||   248
Invok: Berserk           |       |     2 |    13 |     5 ||    20
       Trog's Hand       |       |     3 |     3 |     6 ||    12
  Use: Scroll            |       |     3 |     4 |    20 ||    27
       Potion            |       |       |     1 |    14 ||    15
 Stab: Sleeping          |       |     3 |     3 |       ||     6
Armor: Animal skin       |    25 |    56 |       |       ||    81
       Shadow dragon sca |       |    50 |   302 |   128 ||   480
Dodge: Dodged            |    52 |   104 |   124 |    52 ||   332
Block: Other             |       |       |   106 |    35 ||   141
       Reflection        |       |       |     5 |     1 ||     6

Table legend: (Time is in decaauts)
 A = Elapsed time spent in this place.
 B = Non-inter-level travel time spent in this place.
 C = Inter-level travel time spent in this place.
 D = Time resting spent in this place.
 E = Time spent auto-exploring this place.
 F = Levels seen in this place.
 G = Mean time per level.
                   A        B        C        D        E       F      G
               +--------+--------+--------+--------+--------+-----+--------+
         Total |   7529 |   7207 |    322 |    487 |   4741 |  11 |  684.5 |
       Dungeon |   6945 |   6623 |    322 |    466 |   4587 |   9 |  771.7 |
          Lair |    274 |    274 |      0 |      0 |      0 |   1 |  274.0 |
      Gauntlet |    310 |    310 |      0 |     21 |    154 |   1 |  310.0 |
               +--------+--------+--------+--------+--------+-----+--------+

Top non-repeatable levels by time:
     D:7: 1053 daAuts
     D:5: 922 daAuts
     D:3: 884 daAuts
     D:8: 840 daAuts
     D:6: 839 daAuts
     D:4: 740 daAuts
     D:9: 619 daAuts
     D:1: 561 daAuts
     D:2: 483 daAuts
Gauntlet: 310 daAuts
  Lair:1: 274 daAuts
